 Dungeon Sprint DCSS version 0.18.1-8-gdd0e5ea (webtiles) character file.

1605 Burgietje the Warrior (level 8, -7/93 HPs)
             Began as a Minotaur Fighter on June 8, 2016.
             Was a Believer of Okawaru.
             Mangled by a komodo dragon (27 damage)
             ... in the Dungeon (Sprint IX: "|||||||||||||||||||||||||||||").
             The game lasted 00:03:38 (788 turns).

Burgietje the Warrior (Minotaur Fighter)             Turns: 788, Time: 00:03:38

Health: -7/93      AC: 10    Str: 25    XL:     8   Next: 63%
Magic:  7/7        EV:  7    Int:  5    God:    Okawaru [**....]
Gold:   0          SH: 10    Dex: 14    Spells: 0 memorised, 7 levels left

rFire  . . .     SeeInvis .     o - +1 broad axe (chop)
rCold  . . .     Gourm    .     s - +1 scale mail
rNeg   . . .     Faith    .     c - +0 shield
rPois  .         Spirit   .     (helmet restricted)
rElec  .         Dismiss  .     r - +0 cloak
rCorr  .         Reflect  .     (no gloves)
SustAt .         Harm     .     q - +0 pair of boots
MR     .....     NoTele   +     (no amulet)
Stlth  ..........               u - +3 ring of strength
                                t - +3 ring of dexterity

@: not resistant to hostile enchantments, extremely unstealthy
A: retaliatory headbutt, horns 2
a: Heroism, Renounce Religion


You were in the Dungeon.
You worshipped Okawaru.
Okawaru was pleased with you.
You were not hungry.

You visited 1 branch

Inventory:

Hand Weapons
 a - a +0 war axe
 o - a +1 broad axe of chopping (weapon)
 p - a +2 scimitar of draining
Armour
 b - a +0 scale mail
 c - a +0 shield (worn)
 q - a +0 pair of boots (worn)
 r - a +0 cloak (worn)
 s - a +1 scale mail (worn)
Jewellery
 t - a +3 ring of dexterity (left hand)
 u - a +3 ring of strength (right hand)
 w - a +3 ring of strength
Wands
 l - a wand of acid (7/15)
Scrolls
 k - 3 scrolls of blinking
 m - 6 scrolls of remove curse
 n - 2 scrolls of amnesia
 x - 2 scrolls of enchant weapon
 y - a scroll of identify
Potions
 d - a potion of invisibility
 e - 5 potions of curing
 g - 7 potions of heal wounds
 h - a potion of haste
 i - 4 potions of magic
 j - 3 potions of berserk rage
 v - a potion of brilliance
Comestibles
 f - a bread ration


   Skills:
 + Level 15.8 Fighting
 + Level 15.5 Axes
 - Level 3.6 Armour
 - Level 3.6 Shields


You had 7 spell levels left.
You didn't know any spells.

Dungeon Overview and Level Annotations

Branches:
Dungeon (1/1)

Altars:
Cheibriados
Dithmenos
Elyvilon
Fedhas
Gozag
Kikubaaqudgha
Makhleb
Nemelex Xobeh
Okawaru
Pakellas
Qazlal
Ru
Sif Muna
Trog
Vehumet
Xom
Yredelemnul
Zin
The Shining One
Beogh
Jiyva
Lugonu


Innate Abilities, Weirdness & Mutations

You reflexively headbutt those who attack you in melee.
You have a pair of horns on your head.


Message History

You barely miss the komodo dragon.
The komodo dragon completely misses you.
You furiously retaliate!
You headbutt the komodo dragon, but do no damage.
You barely miss the komodo dragon. Your headbutt misses the komodo dragon.
The komodo dragon bites you!
You slash the komodo dragon!
The komodo dragon is heavily wounded.
Your shield and scale mail prevent you from hitting the komodo dragon.
The komodo dragon is heavily wounded.
The komodo dragon bites you!
Your shield and scale mail prevent you from hitting the komodo dragon.
Your headbutt misses the komodo dragon.
The komodo dragon is heavily wounded.
The komodo dragon bites you!!
* * * LOW HITPOINT WARNING * * *
You slash the komodo dragon! Your headbutt misses the komodo dragon.
The komodo dragon is severely wounded.
The komodo dragon bites you!!
You die...

▓_▓.▓
▓_▓.▓.▓
▓_▓.▓.▓
▓_▓.▓r▓
▓_▓.▓t▓
▓_▓.▓l▓
▓_▓.▓r▓
▓_▓.▓l▓
▓_▓.▓@▓
▓_▓.▓.▓
▓_▓.▓.▓
▓_▓.▓.▓
▓'▓.▓.▓
▓.▓.▓.▓
▓.▓.▓|▓
▓.▓.▓.▓
▓.▓.▓.▓


You could see a komodo dragon, a crocodile, an iguana, a porcupine and a river
rat.

Vanquished Creatures
  An ugly thing (D)
  A two-headed ogre (D)
  A yak (D)
  A porcupine (D)
  2 orc warriors (D)
  2 sky beasts (D)
  An ogre (D)
  A big kobold (D)
  A giant frog (D)
  A howler monkey (D)
  2 hounds (D)
  An orc priest (D)
  An orc wizard (D)
  A dart slug (D)
  An orc (D)
  A bat (D)
  A bat zombie (D)
  A jackal (D)
  2 giant newts (D)
23 creatures vanquished.

Vanquished Creatures (others)
  A spatial maelstrom (D)
1 creature vanquished.

Grand Total: 24 creatures vanquished

Notes
Turn   | Place    | Note
--------------------------------------------------------------
     0 | D        | Burgietje the Minotaur Fighter began the quest for the Orb.
     0 | D        | Reached XP level 1. HP: 19/19 MP: 0/0
    44 | D        | Banished a spatial maelstrom
   115 | D        | Noticed an ogre
   115 | D        | Noticed a sky beast
   115 | D        | Noticed a howler monkey
   115 | D        | Noticed a hound
   118 | D        | Killed a hound
   118 | D        | Reached skill level 5 in Axes
   118 | D        | Reached XP level 2. HP: 27/31 MP: 1/1
   118 | D        | Reached XP level 3. HP: 33/38 MP: 2/2
   124 | D        | Reached XP level 4. HP: 43/48 MP: 3/3
   131 | D        | Killed a sky beast
   131 | D        | Reached XP level 5. HP: 46/58 MP: 4/4
   134 | D        | Killed an ogre
   134 | D        | Reached skill level 10 in Fighting
   134 | D        | Reached skill level 10 in Axes
   310 | D        | Found a glowing silver altar of Zin.
   310 | D        | Found a glowing golden altar of the Shining One.
   310 | D        | Found an ancient bone altar of Kikubaaqudgha.
   310 | D        | Found a basalt altar of Yredelemnul.
   310 | D        | Found a shimmering altar of Xom.
   310 | D        | Found a radiant altar of Vehumet.
   311 | D        | Found an iron altar of Okawaru.
   312 | D        | Found a burning altar of Makhleb.
   313 | D        | Found a deep blue altar of Sif Muna.
   314 | D        | Found a bloodstained altar of Trog.
   315 | D        | Found a sparkling altar of Nemelex Xobeh.
   316 | D        | Found a white marble altar of Elyvilon.
   317 | D        | Found a roughly hewn altar of Beogh.
   318 | D        | Found a viscous altar of Jiyva.
   319 | D        | Became a worshipper of Warmaster Okawaru
   320 | D        | Found a corrupted altar of Lugonu.
   321 | D        | Found a blossoming altar of Fedhas.
   322 | D        | Found a snail-covered altar of Cheibriados.
   323 | D        | Found a shadowy altar of Dithmenos.
   324 | D        | Found a stormy altar of Qazlal.
   325 | D        | Found an opulent altar of Gozag.
   326 | D        | Found a sacrificial altar of Ru.
   327 | D        | Found an oddly glowing altar of Pakellas.
   380 | D        | Noticed a two-headed ogre
   381 | D        | Reached XP level 6. HP: 68/68 MP: 5/5
   394 | D        | Killed a two-headed ogre
   394 | D        | Reached * piety under Okawaru
   394 | D        | Reached XP level 7. HP: 71/78 MP: 6/6
   426 | D        | Noticed a purple ugly thing
   426 | D        | Noticed a yak
   435 | D        | Killed a yak
   450 | D        | Killed a purple ugly thing
   450 | D        | Reached skill level 15 in Fighting
   450 | D        | Reached XP level 8. HP: 14/91 MP: 5/7
   457 | D        | Reached skill level 15 in Axes
   778 | D        | Noticed a komodo dragon
   782 | D        | Reached ** piety under Okawaru
   788 | D        | Mangled by a komodo dragon

Skill      XL: |  1  2  3  4  5  6  7  8 |
---------------+-------------------------+-----
Fighting       | 6 7 9 11 12 15 | 15.8
Axes           | 5 7 9 10 12 14 15 | 15.5
Armour         | |  3.6
Shields        | |  3.6

Action                   |  1- 3 |  4- 6 |  7- 9 || total
-------------------------+-------+-------+-------++-------
Melee: War axe           |    24 |    10 |       ||    34
       Headbutt          |     4 |     8 |    11 ||    23
       Broad axe         |       |    11 |    44 ||    55
Invok: Heroism           |       |       |     1 ||     1
  Use: Potion            |     1 |       |     2 ||     3
Armor: Scale mail        |    14 |     9 |     9 ||    32
Dodge: Dodged            |     8 |     6 |     4 ||    18
Block: Shield            |    13 |     8 |    11 ||    32
